 Dungeon Crawl Stone Soup version 0.19.5 (webtiles) character file.

42 Azzok the Skirmisher (level 3, -2/36 HPs)
             Began as a Minotaur Fighter on July 26, 2017.
             Slain by Sigmund
             ... wielding a +0 scythe
              (3 damage)
             ... on level 2 of the Dungeon.
             The game lasted 00:02:39 (887 turns).

Azzok the Skirmisher (Minotaur Fighter)              Turns: 887, Time: 00:02:40

Health: -2/36      AC:  8    Str: 25    XL:     3   Next: 35%
Magic:  2/2        EV:  7    Int:  5    God:
Gold:   50         SH:  9    Dex: 10    Spells: 0 memorised, 2 levels left

rFire  . . .     SeeInvis .     a - +0 long sword
rCold  . . .     Gourm    .     b - +0 scale mail
rNeg   . . .     Faith    .     c - +0 shield
rPois  .         Spirit   .     (helmet restricted)
rElec  .         Reflect  .     (no cloak)
rCorr  .         Harm     .     s - +0 pair of gloves
MR     .....                    (no boots)
Stlth  ..........               (no amulet)
                                (no ring)
                                (no ring)

@: mighty
A: retaliatory headbutt, horns 2
a: no special abilities


You were on level 2 of the Dungeon.
You were not hungry.

You visited 1 branch of the dungeon, and saw 2 of its levels.

You collected 50 gold pieces.

Inventory:

Hand Weapons
 a - a +0 long sword (weapon)
Armour
 b - a +0 scale mail (worn)
 c - a +0 shield (worn)
 s - a +0 pair of gloves (worn)
Scrolls
 g - 4 scrolls of identify {unknown}
 m - a scroll of immolation {unknown}
 p - 3 scrolls of teleportation {unknown}
 q - a scroll of fear {unknown}
 r - a scroll of noise {unknown}
Potions
 d - 2 potions of might
 e - a potion of beneficial mutation {unknown}
 h - a potion of haste {unknown}
 j - a potion of curing {unknown}
 n - a potion of heal wounds {unknown}
Comestibles
 f - 4 bread rations {@e1}
 i - 3 beef jerkies
 k - 3 fruits
 l - 4 chunks of flesh {@w0}
 o - 3 meat rations {@e2}


   Skills:
 * Level 5.4 Fighting
 - Level 2.4 Long Blades
 - Level 3.6 Armour
 - Level 3.6 Shields


You had 2 spell levels left.
You didn't know any spells.

Dungeon Overview and Level Annotations

Branches:
Dungeon (2/15)

Altars:

Annotations:
D:2 Sigmund


Innate Abilities, Weirdness & Mutations

You reflexively headbutt those who attack you in melee.
You have a pair of horns on your head.


Message History

You are confused.
Something completely misses you. Something completely misses you.
You closely miss something. Something hits you!
* * * LOW HITPOINT WARNING * * *
You take 8 damage, and have 8/36 hp.
MASSIVE DAMAGE!!
You feel less confused. Something completely misses you.
You feel very mighty all of a sudden. Something hits you.
* * * LOW HITPOINT WARNING * * *
You take 2 damage, and have 7/36 hp.
You closely miss something. Something hits you but does no damage.
You closely miss something. Your headbutt misses something.
You block something's attack.
You slash something! You headbutt something! Something hits you.
* * * LOW HITPOINT WARNING * * *
You take 6 damage, and have 1/36 hp.
You closely miss something. Something hits you.
You die...

▒·▒ ▒▒▒▒▒▒▒▒▒▒▒▒············ ▒·▒
▒▒▒▒▒▒▒▒▒▒▒▒▒
▒▒·▒▒▒▒▒▒▒▒▒▒▒▒▒▒▒▒▒▒▒▒▒▒▒▒▒▒▒
···········÷·················▒
····▒▒▒▒▒▒▒▒▒▒▒▒▒▒▒▒▒▒▒▒▒▒▒▒·▒▒▒
·····▒ ··▒ ▒···▒ ·····▒ ▒·▒
▒▒▒▒'▒▒ ····▒▒ ▒▒▒▒▒▒▒▒·▒▒▒▒▒
▒······ ····▒ ▒·······@····▒
▒······ ····▒▒╬▒▒·······{····▒
▒······ ····▒················▒
▒······ ····▒················▒
▒······
····▒·····▒▒·······▒▒▒▒▒▒▒▒······
··÷·▒·····▒▒·······▒▒············
··········▒▒·······▒▒·▒▒▒▒▒······
····▒····>▒▒·······▒▒·▒ ▒······
····▒·····▒▒·······▒▒·▒ ▒······


There were no monsters in sight!

Vanquished Creatures
  An adder (D:2)
  2 dart slugs
  A leopard gecko (D:1)
  A ball python (D:1)
  2 bats (D:1)
  4 goblins
  5 hobgoblins
  4 jackals (D:1)
  2 frilled lizards
  A kobold (D:1)
  2 rats
25 creatures vanquished.

Notes
Turn   | Place    | Note
-------+----------+-------------------------------------------
     0 | D:1      | Azzok the Minotaur Fighter began the quest for the Orb.
     0 | D:1      | Reached XP level 1. HP: 19/19 MP: 0/0
    69 | D:1      | Reached skill level 4 in Fighting
   193 | D:1      | Reached XP level 2. HP: 26/28 MP: 1/1
   578 | D:2      | Reached skill level 5 in Fighting
   614 | D:2      | Reached XP level 3. HP: 36/36 MP: 2/2
   868 | D:2      | Noticed Sigmund
   886 | D:2      | HP: 1/36 [something (6)]
   887 | D:2      | Slain by Sigmund

Skill      XL: |  1  2 |
---------------+-------+-----
Fighting       | 4 5 |  5.4
Long Blades    | |  2.4
Armour         | |  3.6
Shields        | |  3.6

Action                   || total
-------------------------++-------
Melee: Long sword        ||    55
       Headbutt          ||     5
  Use: Potion            ||     1
Armor: Scale mail        ||    24
Dodge: Dodged            ||    15
Block: Shield            ||    28
       Rpst.: Long sword ||     4
